Map: Efflorescence LE

Players

NovemberTen

  • Race: Zerg Zerg
  • Spawn Location: 9:00

zeratul

  • Race: Protoss Protoss
  • League: Diamond
  • Spawn Location: 6:00

qqq

  • Race: Zerg Zerg
  • Spawn Location: 12:00

Massa

  • Race: Terran Terran
  • League: Platinum
  • Spawn Location: 3:00

VOD

Have the link to the VOD?

Description

Time

  • Played on: Jan. 31, 2021, 5:59 a.m.
  • Length: 0:57
Show
View Real Time Build Order
Export as new Build Order

NovemberTen Zerg 

Build Orders:  

Get SALT Encoding   

  12  0:02  Drone  
  13  0:09  Drone  
  14  0:15  Extractor  
  14  0:16  Drone  
  15  0:24  Overlord  
  15  0:27  Extractor  
  14  0:30  Extractor  
  14  0:33  Drone  
  15  0:39  Overlord  
Show
View Real Time Build Order
Export as new Build Order

zeratul Protoss 

Build Orders:  

Get SALT Encoding   

  12  0:10  Probe  
  13  0:22  Probe  
  14  0:38  Probe (Chrono Boost)  
  15  0:43  Assimilator  
  15  0:47  Assimilator  
Show
View Real Time Build Order
Export as new Build Order

qqq Zerg 

Build Orders:  

Get SALT Encoding   

  12  0:01  Drone  
  13  0:08  Drone  
  14  0:18  Overlord  
  14  0:49  Hatchery  
Show
View Real Time Build Order
Export as new Build Order

Massa Terran 

Build Orders:  

Get SALT Encoding   

  12  0:01  SCV  
  13  0:13  SCV  
  14  0:18  Supply Depot  
  14  0:25  SCV  
  15  0:39  SCV  
  15  0:41  Barracks  
Tags
 
Add a new tag
Caveats
  • Supply blocks, unpowered buildings, or Contaminate may cause inaccurate times.
  • Supply counts are checked every 10 seconds.